 Dungeon Crawl Stone Soup version 0.17.0 (webtiles) character file.

293 Eucla the Insei (level 6, -17/84 HPs)
             Began as a Naga Monk on Nov 14, 2015.
             Killed from afar by an orc (49 damage)
             ... with an exploding inner flame
             ... hexed by the player character
             ... on level 4 of the Dungeon.
             The game lasted 00:05:07 (3441 turns).

Eucla the Insei (Naga Monk)                         Turns: 3441, Time: 00:05:07

Health: -17/84     AC: 23    Str: 14    XL:     6   Next: 33%
Magic:  6/6        EV:  1    Int: 10    God:
Gold:   164        SH:  0    Dex: 20    Spells: 0 memorised, 5 levels left

rFire  x . .     SeeInvis +       - Unarmed
rCold  + . .     Clarity  .     (armour currently unavailable)
rNeg   + + +     SustAt   .     (no shield)
rPois  +         Gourm    .     (helmet currently unavailable)
rElec  .         Spirit   .     (cloak currently unavailable)
rCorr  .         Warding  .     (gloves currently unavailable)
rMut   .         NoTele   +     (no barding)
MR     .....                    (no amulet)
Stlth  ++++......               g - ring of see invisible
                                f - ring of ice (curse)

@: agile, tree-form, very slightly contaminated, not resistant to hostile
enchantments, stealthy
A: see invisible, (deformed body), (poison resistance), (slowness 0), slow
metabolism 1, spit poison 2, AC +2
a: Spit Poison


You were on level 4 of the Dungeon.
You were not hungry.
You were a tree.
You visited 1 branch of the dungeon, and saw 4 of its levels.

You collected 164 gold pieces.

Inventory:

Armour
 a - a +0 robe (melded)
Jewellery
 f - a cursed ring of ice (left branch)
 g - a ring of see invisible (right branch)
Scrolls
 d - 2 scrolls of immolation
 j - 6 scrolls of remove curse
 l - a scroll of identify
Potions
 c - 2 potions of brilliance
 i - 3 potions of curing
 k - a potion of poison
Comestibles
 b - 3 bread rations
 n - a meat ration


   Skills:
 - Level 3.0 Fighting
 - Level 2.4 Dodging
 - Level 3.0 Stealth
 + Level 7.4 Unarmed Combat


You had 5 spell levels left.
You didn't know any spells.

Dungeon Overview and Level Annotations

Branches:
Dungeon (4/15)
 Temple: D:4-7

Altars:

Shops:
D:4 [?


Innate Abilities, Weirdness & Mutations

You cannot wear boots.
((Your serpentine skin is tough (AC +2).))
You have supernaturally acute eyesight.
((Armour fits poorly on your strangely shaped body.))
((Your system is resistant to poisons.))
((You cover ground very slowly.))
You have a slow metabolism.
You can spit poison.


Message History

You smack Pikel!
Pikel explodes!
The fiery explosion engulfs the giant gecko.
The giant gecko explodes!
The fiery explosion engulfs the slave.
The slave is almost dead.
The fiery explosion engulfs the orc.
The orc explodes!
The fiery explosion engulfs the slave.
The slave explodes!
The fiery explosion engulfs the slave.
The slave explodes!
The fiery explosion engulfs the slave.
The slave is almost dead.
The fiery explosion engulfs the slave.
The slave explodes!
The fiery explosion engulfs you! The fire burns you terribly!
The fiery explosion engulfs you! The fire burns you terribly!
Ouch! That really hurt!
You die...

#########[...## ..##......%...#
.............)##
...............#######
............#........######
...∩.......#%.%...........#
...........#.§§§§.........###
............§§§§§....#......#####
.......>....p§§§♣....#....#......
......p...##.§§§§.........#######
........†.##....§.........###.###
##...K.##.######.....(....##...##
##...o.......##....<.....#.....#
#..p........##....#..#.........
###...........##....#...#........
.................#...............
........!≈≈≈....>,.#.............


You could see a slave.

Vanquished Creatures
  3 slaves (D:4)
  A crimson imp (D:4)
  A hound (D:3)
  An orc wizard (D:3)
  A giant frog skeleton (D:4)
  Ijyb (D:3)
  6 adders
  An ooze (D:1)
  4 worms
  2 giant geckos
  7 orcs
  A ball python (D:1)
  4 bats
  7 hobgoblins
  8 kobolds
  2 quokkas
  4 giant cockroaches
  2 giant newts
  8 goblins
  A jackal skeleton (D:4)
  6 rats
71 creatures vanquished.

Notes
Turn   | Place    | Note
--------------------------------------------------------------
     0 | D:1      | Eucla the Naga Monk began the quest for the Orb.
     0 | D:1      | Reached XP level 1. HP: 21/21 MP: 1/1
   170 | D:1      | Reached XP level 2. HP: 13/28 MP: 2/2
   970 | D:1      | Reached XP level 3. HP: 26/34 MP: 3/3
  1134 | D:2      | Reached skill level 5 in Unarmed Combat
  1915 | D:2      | Reached XP level 4. HP: 25/42 MP: 4/4
  2415 | D:3      | Reached skill level 6 in Unarmed Combat
  2645 | D:3      | Noticed Ijyb
  2663 | D:3      | Killed Ijyb
  2663 | D:3      | Reached XP level 5. HP: 35/49 MP: 5/5
  3189 | D:4      | Reached skill level 7 in Unarmed Combat
  3189 | D:4      | Reached XP level 6. HP: 32/56 MP: 6/6
  3375 | D:4      | Found Eplah's Armour Emporium.
  3399 | D:4      | Found Lampo's Magic Scroll Emporium.
  3417 | D:4      | Noticed a slave
  3418 | D:4      | Noticed Pikel
  3418 | D:4      | Noticed a slave
  3418 | D:4      | Noticed a slave
  3418 | D:4      | Noticed a slave
  3441 | D:4      | Killed Pikel
  3441 | D:4      | Killed a slave
  3441 | D:4      | Killed a slave
  3441 | D:4      | Killed a slave
  3441 | D:4      | Killed from afar by an orc

Action                   |  1- 3 |  4- 6 || total
-------------------------+-------+-------++-------
Melee: Unarmed           |   126 |   130 ||   256
 Abil: Spit Poison       |     4 |     5 ||     9
  Use: Potion            |       |     7 ||     7
       Scroll            |       |     6 ||     6
 Stab: Sleeping          |     6 |     4 ||    10
       Distracted        |       |     1 ||     1
  Eat: Bread ration      |     1 |       ||     1
       Beef jerky        |       |     1 ||     1
       Chunk             |       |     1 ||     1
